 Dungeon Crawl Stone Soup version 0.20.1-1-g8b1a95d (webtiles) character file.

54 Lanoc the Chopper (level 3, -1/33 HPs)
             Began as a Hill Orc Monk on Nov 30, 2017.
             Slain by Robin
             ... wielding a +0 mace
              (5 damage)
             ... on level 2 of the Dungeon.
             The game lasted 00:03:34 (1113 turns).

Lanoc the Chopper (Hill Orc Monk)                   Turns: 1113, Time: 00:03:35

Health: -1/33      AC:  3    Str: 19    XL:     3   Next: 91%
Magic:  3/3        EV: 12    Int: 10    God:
Gold:   104        SH:  0    Dex: 13    Spells: 2/2 levels left

rFire    . . .     SeeInvis .   r - +0 war axe
rCold    . . .     Gourm    .   (no shield)
rNeg     . . .     Faith    .   o - +0 leather armour
rPois    .         Spirit   .   (no helmet)
rElec    .         Reflect  .   (no cloak)
rCorr    .         Harm     .   (no gloves)
MR       .....                  (no boots)
Stlth    ++........             k - amulet of regeneration
Regen    0.6/turn               (no ring)
MPRegen  0.1/turn               (no ring)

@: mighty
A: no striking features
a: no special abilities


You were on level 2 of the Dungeon.
You were not hungry.

You visited 1 branch of the dungeon, and saw 2 of its levels.

You collected 104 gold pieces.

Inventory:

Hand Weapons
 a - a +0 hand axe
 r - a +0 war axe (weapon)
Missiles
 p - 6 javelins (quivered)
Armour
 o - a +0 leather armour (worn)
Jewellery
 k - an amulet of regeneration (around neck)
Scrolls
 i - 4 scrolls of teleportation {unknown}
 j - a scroll of noise {unknown}
 m - 3 scrolls of identify {unknown}
 q - a scroll of immolation {unknown}
Potions
 b - 2 potions of degeneration {unknown}
 d - a potion of might
 e - a potion of brilliance {unknown}
 l - a potion of invisibility {unknown}
 n - a potion of curing {unknown}
Comestibles
 c - 2 bread rations
 f - a royal jelly
 g - 4 meat rations
 h - a chunk of flesh


   Skills:
 + Level 4.0 Fighting
 * Level 5.1 Axes
 + Level 1.3 Armour
 + Level 2.7 Dodging
 - Level 1.5 Stealth


You had 2 spell levels left.
You didn't know any spells.

Dungeon Overview and Level Annotations

Branches:
Dungeon (2/15)

Altars:
Ashenzari
Qazlal
The Shining One

Annotations:
D:2 Robin


Message History

Robin barely misses you. The hobgoblin barely misses you.
Some of the chunks of flesh in your inventory have rotted away.
You hit Robin.
Robin is heavily wounded.
You barely miss the hobgoblin. Robin hits you but does no damage.
The hobgoblin closely misses you.
You closely miss Robin.
Robin is heavily wounded.
You hit the hobgoblin.
You kill the hobgoblin!
Robin hits you with a mace!
* * * LOW HITPOINT WARNING * * *
You hit Robin but do no damage.
Robin is heavily wounded.
Robin hits you with a mace.
* * * LOW HITPOINT WARNING * * *
It was a potion of might.
You feel very mighty all of a sudden. Robin hits you with a mace.
You die...

###### #.. ...... ... .#
##.## .. .# # .. #[. ..
.# # #.# #.### ###.###.#
###.# #... ...#...#
.##.# #..######.#...#
.##.# #..#.....g@).(#
..#.# #..#.######.)##
....###..# g.......#
(......).#########.#
....####.......#...#
....##########.#.#######
..#.......<#...#.......#
#.#.########.#########.#
#...# #.# #.#


You could see Robin.

Vanquished Creatures
  2 adders (D:2)
  A dart slug (D:2)
  3 bats
  4 giant cockroaches
  4 goblins (D:2)
  7 hobgoblins
  3 jackals (D:2)
  A kobold (D:2)
  3 frilled lizards
  2 rats
30 creatures vanquished.

Notes
Turn   | Place    | Note
-------+----------+-------------------------------------------
     0 | D:1      | Lanoc the Hill Orc Monk began the quest for the Orb.
     0 | D:1      | Reached XP level 1. HP: 19/19 MP: 1/1
    80 | D:1      | Found a glowing golden altar of the Shining One.
   390 | D:1      | Reached XP level 2. HP: 27/27 MP: 2/2
   728 | D:2      | Reached skill level 1 in Armour
   728 | D:2      | Reached XP level 3. HP: 21/33 MP: 3/3
   886 | D:2      | Reached skill level 5 in Axes
   900 | D:2      | Found a shattered altar of Ashenzari.
   900 | D:2      | Found a stormy altar of Qazlal.
   910 | D:2      | Found a faded altar of an unknown god.
  1092 | D:2      | Noticed Robin
  1113 | D:2      | Slain by Robin

Skill      XL: |  1  2  3 |
---------------+----------+-----
Fighting       | 4 |  4.0
Armour         | 1 |  1.3
Axes           | 5 |  5.1
Dodging        | |  2.7
Stealth        | |  1.5

Action                   || total
-------------------------++-------
Melee: Hand axe          ||    72
       War axe           ||    16
  Use: Potion            ||     1
 Stab: Sleeping          ||     3
  Eat: Chunk             ||     1
Armor: Robe              ||     7
       Leather armour    ||    18
Dodge: Dodged            ||    64
